 Dungeon Crawl Stone Soup version 0.30-a0-141-g30f27751c5 (webtiles) character file.

Game seed: 525896705333130353

201 qw the Chopper (level 5, 0/33 HPs)
             Began as a Gargoyle Fighter on Sept 25, 2022.
             Slain by Sigmund
             ... wielding a +1 scythe of freezing
              (1 damage)
             ... on level 3 of the Dungeon.
             The game lasted 00:01:02 (3131 turns).

qw the Chopper (Gargoyle Fighter)                   Turns: 3131, Time: 00:01:02

Health: 0/33       AC: 12    Str: 22    XL:     5   Next: 79%
Magic:  5/5        EV:  9    Int:  8    God:
Gold:   105        SH:  0    Dex:  9    Spells: 4/4 levels left

rFire   . . .      SeeInvis .    Y - +0 war axe
rCold   . . .      Faith    .    c - +0 buckler
rNeg    + . .      Spirit   .    b - +0 scale mail
rPois   inf        Reflect  +    j - +0 helmet
rElec   +          Harm     .    (no cloak)
rCorr   .          Rampage  .    (no gloves)
Will    .....                    (no boots)
Stlth   ..........               l - amulet of reflection
HPRegen 0.11/turn                (no ring)
MPRegen 0.09/turn                (no ring)

@: confused
A: sickness immunity, AC +4, negative energy resistance 1, electricity
resistance, torment resistance 1, petrification resistance
a: no special abilities


You were on level 3 of the Dungeon.
You visited 1 branch of the dungeon, and saw 3 of its levels.

You collected 105 gold pieces.


Innate Abilities, Weirdness & Mutations

You are immune to sickness and miasma.
Your stone body is resilient. (AC +4)
You are immune to poison.
You resist negative energy. (rN+)
You are resistant to electric shocks. (rElec)
You are resistant to unholy torment.
You are immune to petrification.


   Skills:
 + Level 3.9 Fighting
 - Level 5.0 Axes
 - Level 3.2 Armour
 - Level 3.2 Shields


You had 4 spell levels left.
You didn't know any spells.
Your spell library was empty.

Inventory:

Hand Weapons
 h - a +0 mace
 Y - a +0 war axe (weapon)
Armour
 b - a +0 scale mail (worn)
 c - a +0 buckler (worn)
 j - a +0 helmet (worn)
Jewellery
 l - an amulet of reflection (around neck)
Potions
 a - a potion of curing {unknown}
 d - 2 potions of might
 f - a potion of ambrosia {unknown}
 i - 2 potions of heal wounds {unknown}
 k - a potion of magic {unknown}
 m - a potion of haste
 o - a potion of berserk rage {unknown}

Dungeon Overview and Level Annotations

Branches:
Dungeon (3/15)

Altars:
Cheibriados
Gozag

Annotations:
D:3 1 runed translucent door, Crazy Yiuf, Sigmund


Message History

You hit something. Something hits you. Something freezes you.
You closely miss something. You block something's attack.
You completely miss something. Something hits you. Something freezes you.
You barely miss something. Something hits you. Something freezes you.
You closely miss something.
You hear some strange, mumbled words.
A magic dart appears from out of thin air!
The magic dart hits you but does no damage.
You barely miss something.
You hear some strange, mumbled words.
Something tries to affect you, but you resist.
You miss something. Something hits you but does no damage.
You miss something. Something hits you. Something freezes you.
You closely miss something. Something hits you. Something freezes you.
You barely miss something. Something hits you but does no damage.
You barely miss something. Something hits you but does no damage.
You miss something. You hit something.
You hear some strange, mumbled words.
A magic dart appears from out of thin air!
The magic dart hits you but does no damage.
You hear some strange, mumbled words.
A puff of flame appears from out of thin air!
The puff of flame hits you but does no damage.
You closely miss something.
You hear some strange, mumbled words.
You are confused.
You're too confused to attack without stumbling around!
There is a strange disturbance nearby!
Something hits you. Something freezes you.
You die...

##.## ..# #.#
#.## #..# #.#
##.# #..# #.#
#.## #..#
########.#
##.# #..#
#........# #+#
# #..#
#.######## ...
#.##..####.#
#...#
#.#..........#
#..)#
#....{@......#
#####
#............#
#............#
#....$.......#
#.###........#
# #..#######
....# ###.#


There were no monsters in sight!

Vanquished Creatures
  An iron imp (D:3)
  Terence (D:2)
  Robin (D:2)
  4 gnolls (D:2)
  3 adders
  5 ball pythons
  4 endoplasms
  6 giant cockroaches (D:2)
  14 goblins
  11 hobgoblins
  3 quokkas
  5 frilled lizards
  4 kobolds
  3 rats (D:2)
65 creatures vanquished.

Vanquished Creatures (others)
  6 fungi (D:2)
  A plant (D:2)
7 creatures vanquished.

Grand Total: 72 creatures vanquished

Notes
Turn   | Place    | Note
-------+----------+-------------------------------------------
     0 | D:1      | qw the Gargoyle Fighter began the quest for the Orb.
     0 | D:1      | Reached XP level 1. HP: 14/14 MP: 1/1
     0 | D:1      | 0 ||| qw: Version: 0.2-a-10-g399e6c4
     0 | D:1      | 0 ||| qw: Game counter: 103
     0 | D:1      | 0 ||| qw: Always use a shield: true
     0 | D:1      | 0 ||| qw: God list: Okawaru
     0 | D:1      | 0 ||| qw: Allow faded altars: false
     0 | D:1      | 0 ||| qw: Do Orc after D:15 true
     0 | D:1      | 0 ||| qw: Do second Lair branch before Depths: true
     0 | D:1      | 0 ||| qw: Lair rune preference: random
     0 | D:1      | 0 ||| qw: Plans: Normal, Zot:1-4, God:TSO, Crypt, Tomb,
                  | Pan, Slime:5, Hells, Abyss, Orb
     0 | D:1      | 0 ||| PLANNING D:1-11
    44 | D:1      | Reached skill level 2 in Axes
    67 | D:1      | Reached XP level 2. HP: 18/19 MP: 2/2
    80 | D:1      | 80 ||| Stepping ~*~*~tactically~*~*~ (stealth).
    97 | D:1      | 97 ||| DROPPING +0 club.
   154 | D:1      | HP: 4/19 [hobgoblin (3)]
   690 | D:1      | Reached skill level 3 in Axes
   995 | D:1      | Reached XP level 3. HP: 23/23 MP: 3/3
  1215 | D:1      | 1215 ||| UPGRADING to amulet of reflection.
  1220 | D:1      | 1220 ||| READING 2 scrolls labelled SIH YDUPUNTEV.
  1225 | D:1      | 1225 ||| READING scroll labelled IMETRUT ADIMI.
  1226 | D:1      | 1226 ||| READING scroll labelled CATODW SACITU.
  1227 | D:1      | 1227 ||| READING scroll labelled FID EDOCHOLL.
  1239 | D:2      | 1239 ||| STAIRDANCE
  1255 | D:2      | 1255 ||| Stepping ~*~*~tactically~*~*~ (stealth).
  1520 | D:2      | Found an opulent altar of Gozag.
  1603 | D:2      | 1603 ||| Stepping ~*~*~tactically~*~*~ (stealth).
  1643 | D:2      | 1643 ||| Stepping ~*~*~tactically~*~*~ (stealth).
  1644 | D:2      | 1644 ||| Stepping ~*~*~tactically~*~*~ (stealth).
  1646 | D:2      | Reached XP level 4. HP: 28/28 MP: 4/4
  1648 | D:2      | 1648 ||| Stepping ~*~*~tactically~*~*~ (stealth).
  1648 | D:2      | Noticed Terence
  1649 | D:2      | 1649 ||| Stepping ~*~*~tactically~*~*~ (hiding).
  1657 | D:2      | Noticed Robin
  1658 | D:2      | 1658 ||| Stepping ~*~*~tactically~*~*~ (hiding).
  1668 | D:2      | 1668 ||| Stepping ~*~*~tactically~*~*~ (hiding).
  1673 | D:2      | Reached skill level 4 in Axes
  1681 | D:2      | Killed Terence
  1686 | D:2      | HP: 7/28 [Robin/+0 dagger (3)]
  1687 | D:2      | 1687 ||| READING 2 scrolls of teleportation.
  1689 | D:2      | Killed Robin
  1999 | D:2      | 1999 ||| Stepping ~*~*~tactically~*~*~ (stealth).
  2090 | D:2      | Reached XP level 5. HP: 28/32 MP: 5/5
  2168 | D:2      | Found a faded altar of an unknown god.
  2181 | D:2      | HP: 8/32 [gnoll/+0 halberd (7)]
  2182 | D:2      | 2182 ||| READING scroll of teleportation.
  2184 | D:2      | HP: 1/32 [gnoll/+0 halberd (5)]
  2742 | D:2      | 2742 ||| Stepping ~*~*~tactically~*~*~ (stealth).
  2788 | D:2      | Reached skill level 5 in Axes
  2825 | D:2      | 2825 ||| UPGRADING to +0 helmet.
  2830 | D:2      | 2830 ||| DROPPING amulet of the acrobat.
  2831 | D:2      | 2831 ||| READING scroll labelled FUZICR OGEKI.
  2832 | D:2      | 2832 ||| READING scroll labelled WYANKACENK.
  2892 | D:3      | Found a snail-covered altar of Cheibriados.
  2970 | D:3      | Found a runed translucent door.
  2971 | D:3      | Noticed Crazy Yiuf
  3016 | D:3      | 3016 ||| Stepping ~*~*~tactically~*~*~ (stealth).
  3108 | D:3      | Noticed Sigmund
  3125 | D:3      | HP: 6/33 [something (6)]
  3131 | D:3      | HP: 1/33 [something (4)]
  3131 | D:3      | Slain by Sigmund

Levels and vault maps discovered:
D:1:      shiori_arrival_oz, layout_loops_ring
D:2:      layout_loops_cross, shapermc_ecumenical_altar_ellora, basic_altar,
          minmay_worlds_worst_comb, uniq_robin, uniq_terence
D:3:      layout_basic, mainiacjoe_overflow_concentric_impassable, slow_altar_2,
          uniq_sigmund, uniq_crazy_yiuf_cottage

Skill      XL: |  1  2  3  4  5 |
---------------+----------------+-----
Axes           | 2 3 4 5 |  5.0
Fighting       | |  3.9
Armour         | |  3.2
Shields        | |  3.2

Action                   |  1- 3 |  4- 6 || total
-------------------------+-------+-------++-------
Melee: War axe           |   128 |   123 ||   251
  Use: Scroll            |     4 |     4 ||     8
Armor: Scale mail        |    65 |    45 ||   110
Dodge: Dodged            |    52 |    40 ||    92
Block: Buckler           |    41 |    56 ||    97
       Reflection        |       |     2 ||     2

Table legend:
 A = Non-vault XP
 B = Vault XP
 C = Vault XP percentage of total XP
 D = Non-vault monster count
 E = Vault monster count
 F = Vault count percentage of total count
                 A         B        C        D         E       F
            +---------+---------+-------+---------+---------+-------
      Total |     160 |     128 |  44.4 |      44 |      21 |  32.3
            +---------+---------+-------+---------+---------+-------
        D:1 |      37 |       4 |   9.8 |      21 |       2 |   8.7
        D:2 |     103 |      85 |  45.2 |      18 |      18 |  50.0
        D:3 |      20 |      39 |  66.1 |       5 |       1 |  16.7
            +---------+---------+-------+---------+---------+-------
